 Dungeon Sprint DCSS version 0.31-a0-620-gd1cbd99268 (webtiles) character file.

Game seed: 7502798554005483010

7737 sircluck the Brawler (level 11, -2/127 HPs)
             Began as a Troll Berserker on Aug 23, 2023.
             Was a High Priest of Trog.
             Succumbed to a redback's poison
             ... in the Dungeon (Sprint I: "Red Sonja").
             The game lasted 00:04:19 (666 turns).

sircluck the Brawler (Troll Berserker)               Turns: 666, Time: 00:04:20

Health: -2/127     AC:  8    Str: 31    XL:     11   Next: 0%
Magic:  10/10      EV: 13    Int:  3    God:    Trog [*****.]
Gold:   731        SH:  0    Dex:  9    Spells: 10/10 levels left

rFire   . .          .
                       - Unarmed
rCold   . . .        (no shield)
rNeg    + . .        m - +2 robe {rN+}
rPois   .            (helmet restricted)
rElec   .            (no cloak)
rCorr   .            (gloves unavailable)
SInv    .            (boots unavailable)
Will    .....        (no amulet)
Stlth   +            (no ring)
HPRegen 1.21/turn    (no ring)
MPRegen 0.12/turn

%: no teleportation
@: lethally poisoned (-2 -> -64)
A: large, unfitting armour, claws 3, regeneration 1, shaggy fur 1, tough skin 1,
iridescent scales 1, screaming 1
a: Renounce Religion, Berserk, Trog's Hand, Brothers in Arms


You were in the Dungeon.
You worshipped Trog.
Trog was extremely pleased with you.
You visited 1 branch You collected 952 gold pieces.
You spent 221 gold pieces at shops.

Inventory:

Missiles
 j - 2 curare-tipped darts
 o - 3 stones
Armour
 a - a +0 animal skin
 m - a +2 robe of positive energy (worn)
Wands
 h - a wand of quicksilver (2)
 i - a wand of paralysis (4)
Scrolls
 k - 2 scrolls of identify {unknown}
 l - a scroll of torment {unknown}
 n - a scroll of immolation {unknown}
Potions
 b - 3 potions of curing
 c - 2 potions of heal wounds
 d - a potion of haste
 e - 3 potions of magic
 f - a potion of berserk rage
 g - a potion of attraction {unknown}


   Skills:
 + Level 13.5 Fighting
 + Level 13.3 Dodging
 + Level 15.7 Unarmed Combat


You had 10 spell levels left.
You didn't know any spells.
Your spell library was empty.

Dungeon Overview and Level Annotations

Branches:
Dungeon (1/1)

Altars:
Cheibriados
Dithmenos
Elyvilon
Fedhas
Gozag
Hepliaklqana
Kikubaaqudgha
Makhleb
Nemelex Xobeh
Okawaru
Qazlal
Ru
Sif Muna
Trog
Uskayaw
Vehumet
Wu Jian
Xom
Yredelemnul
Zin
The Shining One
Jiyva
Lugonu

Shops:
D *=?*![[


Innate Abilities, Weirdness & Mutations

You are too large for most types of armour.
You have claws for hands.
Your natural rate of healing is unusually fast.
You are covered in fur. (AC +1)
You have tough skin. (AC +1)
You are partially covered in iridescent scales. (AC +2)
You occasionally shout uncontrollably at your foes.


Message History

You miss the redback. The redback bites you!
You mangle the redback!!
The redback is severely wounded.
The redback bites you but does no damage.
You closely miss the redback. The redback bites you!
The redback bites you but does no damage.
You mangle the redback!!
You kill the redback!
Trog accepts your kill. The redback bites you. The redback barely misses you.
Things that are here:
27 gold pieces; a redback corpse The redback bites you.
The redback attacks as it pursues you! The redback bites you!
You see here 27 gold pieces.
The redback bites you.
You are poisoned.
The redback poisons you!
You feel extremely sick.
You see here 27 gold pieces.
You feel extremely sick. The redback attacks as it pursues you!
The redback closely misses you. The redback bites you.
You are lethally poisoned!
The redback poisons you!
You feel extremely sick.
* * * LOW HITPOINT WARNING * * *
You feel extremely sick. The redback bites you!
* * * LOW HITPOINT WARNING * * *
You are more poisoned.
The redback poisons you!
You claw the redback!
You kill the redback!
Trog accepts your kill.
* * * LOW HITPOINT WARNING * * *
You feel extremely sick.
You have reached level 11!
You die...

##_.#'##'#####§###
###'#[#))..###.'$#
###)####'###.###$#
.'...'.....'[∩##.#
##...###########$#
###.### #.#
#.#'#.# +§#
#.....# #§#
#.....# #@#
####### +§# # ###
# # # # # #


There were no monsters in sight!

Vanquished Creatures
  2 centaur warriors (D)
  Sonja (D)
  A deep troll (D)
  An oklob plant (D)
  2 kobold demonologists (D)
  A hornet (D)
  A slime creature (D)
  Sigmund (D)
  A yak (D)
  2 redbacks (D)
  2 floating eyes (D)
  An ogre (D)
  A jelly (D)
  Ijyb (D)
18 creatures vanquished.

Vanquished Creatures (collateral kills)
  8 shining eyes (D)
  3 floating eyes (D)
11 creatures vanquished.

Vanquished Creatures (others)
  2 ballistomycete spores (D)
2 creatures vanquished.

Grand Total: 31 creatures vanquished

Notes
Turn   | Place    | Note
-------+----------+-------------------------------------------
     0 | D        | sircluck the Troll Berserker began the quest for the Orb.
     0 | D        | Reached XP level 1. HP: 22/22 MP: 0/0
     1 | D        | Noticed Ijyb
     5 | D        | Killed Ijyb
     6 | D        | Reached skill level 4 in Unarmed Combat
     6 | D        | Reached XP level 2. HP: 18/32 MP: 1/1
    39 | D        | Noticed an ogre
    43 | D        | Killed an ogre
    44 | D        | Reached skill level 5 in Fighting
    44 | D        | Reached skill level 5 in Dodging
    44 | D        | Reached skill level 6 in Unarmed Combat
    44 | D        | Reached XP level 3. HP: 42/42 MP: 2/2
    44 | D        | Reached XP level 4. HP: 50/50 MP: 3/3
    74 | D        | Noticed Sigmund
    92 | D        | Killed Sigmund
    92 | D        | Reached ** piety under Trog
    93 | D        | Reached skill level 7 in Unarmed Combat
    93 | D        | Reached XP level 5. HP: 30/61 MP: 4/4
    93 | D        | Reached XP level 6. HP: 33/68 MP: 5/5
   135 | D        | Found an ornate altar of the Wu Jian Council.
   135 | D        | Found a shimmering blue altar of Sif Muna.
   137 | D        | Found a radiant altar of Vehumet.
   141 | D        | Reached skill level 8 in Unarmed Combat
   171 | D        | Found Ipiawenu's General Store.
   171 | D        | Found an ancient bone altar of Kikubaaqudgha.
   171 | D        | Found a hazy altar of Hepliaklqana.
   171 | D        | Found a hide-covered altar of Uskayaw.
   171 | D        | Found a basalt altar of Yredelemnul.
   171 | D        | Found an opulent altar of Gozag.
   171 | D        | Found a snail-covered altar of Cheibriados.
   171 | D        | Found a sacrificial altar of Ru.
   171 | D        | Found a shadowy altar of Dithmenos.
   171 | D        | Noticed a yak
   175 | D        | Killed a yak
   176 | D        | Found a stormy altar of Qazlal.
   176 | D        | Found a blossoming altar of Fedhas.
   176 | D        | Found a bloodstained altar of Trog.
   176 | D        | Found an iron altar of Okawaru.
   176 | D        | Found a glowing golden altar of the Shining One.
   176 | D        | Found a glowing silver altar of Zin.
   176 | D        | Found a white marble altar of Elyvilon.
   178 | D        | Found a sparkling altar of Nemelex Xobeh.
   198 | D        | Found a burning altar of Makhleb.
   198 | D        | Found a viscous altar of Jiyva.
   198 | D        | Found a shimmering altar of Xom.
   198 | D        | Found a corrupted altar of Lugonu.
   198 | D        | Noticed a slime creature
   203 | D        | Killed a slime creature
   204 | D        | Reached skill level 9 in Unarmed Combat
   204 | D        | Reached XP level 7. HP: 62/80 MP: 6/6
   217 | D        | Noticed a kobold demonologist
   218 | D        | Noticed a kobold demonologist
   219 | D        | Reached *** piety under Trog
   223 | D        | Noticed a ynoxinul
   224 | D        | Noticed a sun demon
   226 | D        | Killed a kobold demonologist
   227 | D        | Reached skill level 10 in Unarmed Combat
   233 | D        | Killed a kobold demonologist
   233 | D        | Reached **** piety under Trog
   234 | D        | Reached skill level 11 in Unarmed Combat
   234 | D        | Reached XP level 8. HP: 67/92 MP: 7/7
   257 | D        | Noticed Sonja
   262 | D        | Killed Sonja
   263 | D        | Reached skill level 10 in Fighting
   263 | D        | Reached skill level 10 in Dodging
   321 | D        | Noticed a deep troll
   326 | D        | Killed a deep troll
   327 | D        | Reached skill level 12 in Unarmed Combat
   327 | D        | Reached XP level 9. HP: 102/102 MP: 8/8
   336 | D        | Found Coto's Armour Emporium.
   345 | D        | Bought a +2 robe of positive energy for 161 gold pieces
   405 | D        | Found Sejyu's Assorted Antiques.
   418 | D        | Noticed a shining eye
   418 | D        | Noticed a shining eye
   418 | D        | Noticed a shining eye
   419 | D        | Paralysed by a floating eye for 3 turns
   423 | D        | Killed a shining eye
   424 | D        | Reached skill level 13 in Unarmed Combat
   425 | D        | Gained mutation: You are partially covered in iridescent
                  | scales. (AC +2) [a shining eye]
   425 | D        | Killed a shining eye
   426 | D        | Killed a shining eye
   428 | D        | Noticed a shining eye
   429 | D        | Killed a shining eye
   430 | D        | Reached XP level 10. HP: 115/115 MP: 9/9
   430 | D        | Noticed a shining eye
   431 | D        | Reached ***** piety under Trog
   432 | D        | Reached skill level 14 in Unarmed Combat
   439 | D        | Killed a shining eye
   442 | D        | Noticed a shining eye
   444 | D        | Killed a shining eye
   446 | D        | Noticed a shining eye
   449 | D        | Killed a shining eye
   452 | D        | Noticed a shining eye
   453 | D        | Gained mutation: You occasionally shout uncontrollably at
                  | your foes. [a shining eye]
   457 | D        | Killed a shining eye
   467 | D        | Found Mekiqitt's Jewellery Shoppe.
   467 | D        | Found Ogra's Distillery.
   467 | D        | Found Qimpuug's Magic Scroll Emporium.
   467 | D        | Found Naog's Antique Armour Boutique.
   484 | D        | Bought a potion of heal wounds for 60 gold pieces
   505 | D        | Noticed a centaur warrior
   505 | D        | Noticed a centaur warrior
   526 | D        | Killed a centaur warrior
   527 | D        | Reached skill level 15 in Unarmed Combat
   529 | D        | Killed a centaur warrior
   545 | D        | Paralysed by a hornet for 2 turns
   623 | D        | Noticed an oklob plant
   628 | D        | Killed an oklob plant
   628 | D        | Received a gift from Trog
   666 | D        | Reached XP level 11. HP: 13/127 MP: 10/10
   666 | D        | Succumbed to a redback's poison

Illustrated notes

Levels and vault maps discovered:
D:        dungeon_sprint_1 [red_sonja_temple_1, red_sonja_temple_small_1]

Skill      XL: |  1  2  3  4  5  6  7  8  9 10 |
---------------+-------------------------------+-----
Fighting       | 3 5 6 8 9 10 11 13 | 13.5
Dodging        | 3 5 6 8 9 10 11 13 | 13.3
Unarmed Combat | 4 6 7 9 11 12 13 15 | 15.7

Action                     |  1- 3 |  4- 6 |  7- 9 | 10-12 || total
---------------------------+-------+-------+-------+-------++-------
  Melee: Unarmed           |     4 |    22 |    23 |    21 ||    70
         Punch             |       |     1 |     1 |     1 ||     3
 Invoke: Berserk           |     2 |       |     1 |       ||     3
         Brothers in Arms  |       |       |     2 |       ||     2
  Evoke: Wand              |       |       |     1 |       ||     1
    Use: Scroll            |       |       |       |     1 ||     1
 Armour: Animal skin       |       |     2 |     1 |       ||     3
         Robe              |       |       |       |    13 ||    13
  Dodge: Dodged            |       |     2 |    13 |    11 ||    26

Table legend: (Time is in decaauts)
 A = Elapsed time spent in this place.
 B = Non-inter-level travel time spent in this place.
 C = Inter-level travel time spent in this place.
 D = Time resting spent in this place.
 E = Time spent auto-exploring this place.
 F = Levels seen in this place.
 G = Mean time per level.
                   A        B        C        D        E       F      G
               +--------+--------+--------+--------+--------+-----+--------+
         Total |    680 |    634 |     46 |    190 |     81 |   1 |  680.0 |
       Dungeon |    680 |    634 |     46 |    190 |     81 |   1 |  680.0 |
               +--------+--------+--------+--------+--------+-----+--------+

Top non-repeatable levels by time:
       D: 680 daAuts
